 Dungeon Crawl Stone Soup version 0.26.0-11-g8f856b5395 (webtiles) character file.

Game seed: 3685453682332998718

162 Destapler the Firebug (level 5, -7/28 HPs)
             Began as a Tengu Fire Elementalist on Jan 15, 2021.
             Mangled by a gnoll
             ... wielding a +0 club
              (8 damage)
             ... on level 2 of the Dungeon.
             The game lasted 00:05:50 (2764 turns).

Destapler the Firebug (Tengu Fire Elementalist)     Turns: 2764, Time: 00:05:52

Health: -7/28      AC:  0    Str:  9    XL:     5   Next: 43%
Magic:  6/10       EV: 16    Int: 16    God:
Gold:   86         SH:  0    Dex: 14    Spells: 8/9 levels left

rFire    . . .     SeeInvis .   a - +2 short sword (venom)
rCold    . . .     Faith    .   (no shield)
rNeg     . . .     Spirit   .   (no armour)
rPois    .         Reflect  .   (helmet restricted)
rElec    .         Harm     .   (no cloak)
rCorr    .         Rampage  .   (no gloves)
Will     .....                  (boots unavailable)
Stlth    ++........             (no amulet)
HPRegen  0.09/turn              (no ring)
MPRegen  0.12/turn              (no ring)

@: flying quickly and evasively, quick
A: beak, talons 3, able to fly
a: Stop Flying


You were on level 2 of the Dungeon.
You visited 1 branch of the dungeon, and saw 3 of its levels.

You collected 86 gold pieces.

Inventory:

Hand Weapons
 a - a +2 short sword of venom (weapon)
 f - a +0 dagger
Jewellery
 i - a +4 ring of protection {unknown}
Scrolls
 b - a scroll of random uselessness {unknown}
 c - a scroll of remove curse {unknown}
 d - a scroll of magic mapping {unknown}
 e - a scroll of immolation {unknown}
 h - a scroll of identify {unknown}
 j - 2 scrolls of blinking {unknown}
 l - a scroll of fog {unknown}
Potions
 g - 2 potions of brilliance {unknown}
 k - a potion of mutation {unknown}
 m - a potion of attraction {unknown}


   Skills:
 + Level 2.0 Short Blades
 + Level 3.2 Dodging
 + Level 2.9 Stealth
 + Level 2.6 Spellcasting
 + Level 2.9 Conjurations
 + Level 4.0 Fire Magic


You had 8 spell levels left.
You knew the following spells:

 Your Spells              Type           Power        Failure   Level
a - Foxfire               Conj/Fire      52%          4%          1

Your spell library contained the following spells:

 Spells                   Type           Power        Failure   Level
 Conjure Flame            Conj/Fire      13%          14%         3
 Inner Flame              Hex/Fire       8%           26%         3
 Sticky Flame             Conj/Fire      13%          43%         4
 Fireball                 Conj/Fire      6%           78%         5


Dungeon Overview and Level Annotations

Branches:
Dungeon (3/15)

Altars:
Nemelex Xobeh


Innate Abilities, Weirdness & Mutations

You have a beak for a mouth.
You have claws for feet.
You can fly continuously.


Message History

You hit the gnoll but do no damage.
The gnoll is poisoned.
You claw the gnoll.
The gnoll is moderately wounded.
The foxfire hits the gnoll.
The gnoll is heavily wounded.
The foxfire hits the gnoll.
The gnoll is severely wounded.
The gnoll barely misses you. x2
You are too injured to fight recklessly!
Casting: Foxfire (safe; 4% risk of failure)
Confirm with . or Enter, or press ? or * to list all spells.
You conjure some foxfire!
The gnoll completely misses you. The gnoll misses you.
Casting: Foxfire (safe; 4% risk of failure)
Confirm with . or Enter, or press ? or * to list all spells.
You conjure some foxfire!
The foxfire hits the gnoll.
The gnoll is severely wounded.
The foxfire hits the gnoll.
You kill the gnoll!
The gnoll hits you with a +0 club!
You die...

###.# #.#.# #.#### #.# #.#
#.#.# #.# #.# #.# #.#.# #.# #.#
#.# #.#.#####.# #.#
#.######.#.##.##.# ###.#
###........#.......########...#
.....)####..................###
#####............g.##########
#########..)@v## #..v..# #
#.#.#.# # #.#.#.# #
#.#.#.########### ########
#.#.#...........# .......#
#.....#########.# ....##.##
###...# #.# ###.#.#.## #...#
#.#


You could see a gnoll (very poisoned).

Vanquished Creatures
  A bullfrog (D:2)
  A gnoll (D:2)
  3 adders
  An ufetubus (D:2)
  An ooze (D:2)
  A worm (D:3)
  2 dart slugs (D:1)
  A leopard gecko (D:1)
  2 giant cockroaches (D:2)
  3 goblins
  11 hobgoblins
  3 jackals (D:3)
  2 quokkas
  9 bats
  A frilled lizard (D:1)
  7 kobolds
  5 rats
54 creatures vanquished.

Vanquished Creatures (others)
  97 foxfires
97 creatures vanquished.

Grand Total: 151 creatures vanquished

Notes
Turn   | Place    | Note
-------+----------+-------------------------------------------
     0 | D:1      | Destapler the Tengu Fire Elementalist began the quest for
                  | the Orb.
     0 | D:1      | Reached XP level 1. HP: 10/10 MP: 4/4
   236 | D:1      | Reached XP level 2. HP: 12/15 MP: 4/6
   973 | D:1      | Reached XP level 3. HP: 17/19 MP: 3/7
  1131 | D:1      | Reached skill level 1 in Short Blades
  1733 | D:2      | Found a sparkling altar of Nemelex Xobeh.
  1994 | D:2      | Noticed a bullfrog
  2007 | D:2      | Killed a bullfrog
  2008 | D:2      | Reached XP level 4. HP: 13/24 MP: 5/8
  2008 | D:2      | Gained mutation: You can fly continuously. [Tengu growth]
  2008 | D:2      | Reached XP level 5. HP: 15/28 MP: 5/9
  2386 | D:3      | Reached skill level 4 in Fire Magic
  2761 | D:2      | HP: 1/28 [gnoll/+0 club (10)]
  2764 | D:2      | Mangled by a gnoll

Illustrated notes

Levels and vault maps discovered:
D:1:      scummos_arrival_checkerplants, layout_loops_corners
D:2:      layout_loops_ring, nemelex_xobeh_ov_fountains_minmay
D:3:      cheibrodos_greedy_goblins, layout_basic,
          chequers_ecumenical_altar_simple

Skill      XL: |  1  2  3  4  5 |
---------------+----------------+-----
Short Blades   | 1 2 |  2.0
Conjurations   | 2 |  2.9
Dodging        | 3 |  3.2
Fire Magic     | 4 |  4.0
Stealth        | |  2.9
Spellcasting   | |  2.6

Action                   |  1- 3 |  4- 6 || total
-------------------------+-------+-------++-------
Melee: Dagger            |    29 |       ||    29
       Kick              |     6 |     2 ||     8
       Peck              |     5 |     1 ||     6
       Short sword       |    13 |    15 ||    28
 Cast: Foxfire           |    40 |    22 ||    62
 Abil: Fly               |       |     1 ||     1
 Stab: Sleeping          |     2 |     1 ||     3
Armor: Robe              |     5 |       ||     5
Dodge: Dodged            |    42 |    28 ||    70
